Map: Battle on the Boardwalk LE

Players

Stats - Winner!

  • Race: Protoss Protoss
  • League: Master
  • Spawn Location: 1:00

DeMusliM

  • Race: Terran Terran
  • League: Grandmaster
  • Spawn Location: 11:00

Event: HomeStory Cup XVI

VOD

Have the link to the VOD?

Description

Time

  • Played on: Nov. 10, 2017, 8:15 a.m.
  • Length: 24:09

All games in this series

Show
View Real Time Build Order
Export as new Build Order

Stats Protoss - Winner!

Build Orders: Oracle Opening, Phoenix Opening 

Get SALT Encoding   

  12  0:02  Probe (Chrono Boost)  
  14  0:14  Probe (Chrono Boost)  
  14  0:18  Pylon  
  14  0:26  Probe (Chrono Boost)  
  15  0:32  Probe (Chrono Boost)  
  15  0:39  Gateway  
  15  0:40  Probe (Chrono Boost)  
  17  0:46  Assimilator  
  17  0:52  Probe (Chrono Boost)  
  17  0:54  Assimilator  
  19  1:05  Probe (Chrono Boost)  
  19  1:17  Probe (Chrono Boost)  
  20  1:26  Cybernetics Core  
  20  1:29  Probe (Chrono Boost)  
  21  1:33  Pylon  
  22  1:41  Probe (Chrono Boost)  
  22  1:53  Probe (Chrono Boost)  
  23  2:03  Stalker  
  23  2:04  Warp Gate, Stargate  
  23  2:05  Probe (Chrono Boost)  
  25  2:26  Pylon  
  25  2:30  Oracle  
  25  2:33  Stalker  
  30  2:52  Nexus  
  30  3:03  Zealot  
  32  3:05  Oracle  
  32  3:11  Probe (Chrono Boost)  
  36  3:26  Probe (Chrono Boost)  
  37  3:28  Pylon  
  37  3:36  Phoenix  
  37  3:38  Probe (Chrono Boost)  
  40  3:50  Probe (Chrono Boost)  
  37  4:07  Probe (Chrono Boost)  
  37  4:09  Stalker  
  37  4:13  Probe (Chrono Boost)  
  37  4:16  Probe (Chrono Boost)  
  33  4:19  Probe (Chrono Boost)  
  33  4:22  Probe (Chrono Boost)  
  33  4:37  Probe x2 (Chrono Boost)  
  35  4:44  Stalker  
  37  4:49  Probe x2 (Chrono Boost)  
  39  4:58  Twilight Council  
  41  5:00  Probe (Chrono Boost)  
  41  5:01  Probe (Chrono Boost)  
  41  5:06  Probe (Chrono Boost)  
  41  5:08  Stalker  
  41  5:13  Probe (Chrono Boost)  
  45  5:15  Probe (Chrono Boost)  
  46  5:24  Blink  
  46  5:25  Probe (Chrono Boost)  
  46  5:27  Probe (Chrono Boost)  
  48  5:37  Probe (Chrono Boost)  
  48  5:40  Probe (Chrono Boost)  
  48  5:43  Stalker  
  48  5:46  Dark Shrine  
  48  5:49  Probe (Chrono Boost)  
  51  5:52  Probe (Chrono Boost)  
  52  6:01  Gateway x2, Probe (Chrono Boost)  
  51  6:18  Probe x2 (Chrono Boost), Sentry  
  51  6:22  Gateway  
  51  6:23  Gateway  
  51  6:29  Pylon  
  51  6:31  Assimilator x2  
  51  6:33  Stalker, Pylon  
  55  6:41  Probe x2 (Chrono Boost)  
  57  6:55  Probe x2 (Chrono Boost)  
  57  7:00  Dark Templar x2  
  61  7:01  Stalker  
  61  7:04  Pylon  
  61  7:07  Robotics Facility  
  63  7:21  Stalker, Dark Templar  
  67  7:31  Stalker  
  67  7:32  Stalker  
  67  7:33  Stalker  
  71  7:45  Stalker  
  71  7:47  Immortal  
  70  7:54  Charge  
  70  7:55  Pylon  
  74  7:58  Pylon  
  74  7:59  Zealot x3  
  74  8:00  Pylon  
  80  8:05  Zealot  
Show
View Real Time Build Order
Export as new Build Order

DeMusliM Terran 

Build Orders: 1/1/1 

Get SALT Encoding   

  12  0:00  SCV  
  13  0:12  SCV  
  14  0:17  Supply Depot  
  14  0:25  SCV  
  14  0:28  Refinery  
  15  0:39  SCV  
  16  0:44  Barracks  
  16  0:51  SCV  
  17  1:03  SCV  
  18  1:15  SCV  
  19  1:31  Orbital Command  
  19  1:32  Factory, Marine  
  20  1:45  Supply Depot  
  20  1:50  Marine  
  21  1:57  SCV  
  22  2:08  Marine  
  23  2:09  SCV  
  24  2:17  Hellion  
  24  2:18  Starport  
  24  2:21  SCV  
  27  2:24  Supply Depot  
  27  2:25  Marine  
  28  2:33  SCV  
  28  2:35  Engineering Bay  
  29  2:39  Hellion  
  31  2:45  Marine  
  31  2:47  SCV  
  33  2:54  Medivac  
  35  3:00  Supply Depot, SCV, Hellion  
  35  3:03  Marine  
  39  3:06  Missile Turret  
  39  3:13  SCV  
  34  3:26  SCV  
  34  3:38  SCV  
  35  3:43  Barracks Reactor  
  35  3:46  Command Center  
  35  3:50  SCV  
  32  4:07  SCV  
  32  4:08  Cyclone  
  27  4:24  SCV  
  27  4:25  Marine x2  
  27  4:27  Viking  
  32  4:32  Command Center  
  32  4:36  SCV  
  33  4:42  Refinery  
  33  4:43  Marine x2  
  36  4:45  Cyclone  
  36  4:57  SCV  
  37  5:02  Marine x2  
  39  5:09  SCV  
  39  5:10  Supply Depot  
  39  5:11  Supply Depot  
  40  5:15  Medivac  
  42  5:32  Marine  
  41  5:40  Factory Tech Lab  
  40  5:44  Orbital Command  
  40  5:49  Viking  
  42  5:50  Marine  
  42  6:07  Marine  
  43  6:14  Orbital Command  
  43  6:15  Siege Tank  
  43  6:18  SCV  
  47  6:24  Barracks  
  47  6:26  Barracks Reactor  
  47  6:27  Barracks  
  47  6:30  SCV  
  48  6:40  SCV  
  48  6:42  SCV  
  50  6:47  Siege Tank  
  50  6:52  SCV  
  54  6:54  SCV  
  54  6:59  Viking  
  57  7:04  Missile Turret, SCV  
  57  7:06  SCV  
  57  7:07  Marine x2  
  61  7:13  Marine  
  61  7:14  Marine  
  63  7:23  Siege Tank  
  63  7:28  SCV x2  
  62  7:40  Missile Turret  
  61  7:46  Bunker  
  61  7:49  SCV x2  
  60  7:55  Siege Tank  
  63  8:11  SCV  
Tags
 
Add a new tag
Caveats
  • Supply blocks, unpowered buildings, or Contaminate may cause inaccurate times.
  • Supply counts are checked every 10 seconds.